 Dungeon Crawl Stone Soup version 0.16-a0-4002-g2d13b8e (webtiles) character file.

110 timbw the Slasher (level 4, 0/34 HPs)
             Began as a Vampire Fighter on Feb 14, 2015.
             Slain by a giant frog skeleton (6 damage)
             ... on level 4 of the Dungeon.
             The game lasted 00:04:54 (858 turns).

timbw the Slasher (Vampire Fighter)                  Turns: 858, Time: 00:04:54

Health: 0/34       AC:  8    Str: 16    XL:     4   Next: 61%
Magic:  4/4        EV:  6    Int: 10    God:
Gold:   110        SH:  8    Dex: 13    Spells: 0 memorised, 3 levels left

rFire  . . .     SeeInvis +     a - +0 long sword
rCold  . . .     Clarity  .     b - +0 scale mail
rNeg   . . .     SustAb   .     c - +0 shield
rPois  .         Gourm    .     (no helmet)
rElec  .         Spirit   .     u - +0 cloak
rCorr  .         Warding  .     (no gloves)
rMut   .         Stasis   .     x - +0 pair of boots
MR     .....                    (no amulet)
Stlth  +.........               r - ring of see invisible
                                q - ring of stealth

@: regenerating quickly, not resistant to hostile enchantments, very unstealthy
A: bottle blood, fangs 3, see invisible, unbreathing
a: no special abilities


You were on level 4 of the Dungeon.
You were very full.

You visited 1 branch of the dungeon, and saw 6 of its levels.

You collected 110 gold pieces.

Inventory:

Hand weapons
 a - a +0 long sword (weapon)
Armour
 b - a +0 scale mail (worn)
 c - a +0 shield (worn)
 k - a +0 chain mail
 u - a +0 cloak (worn)
 x - a +0 pair of boots (worn)
Jewellery
 q - a ring of stealth (left hand)
 r - a ring of see invisible (right hand)
Scrolls
 g - a scroll of random uselessness
 i - a scroll of identify
 s - a scroll of blinking
Potions
 d - a potion of blood
 e - a potion of might
 f - 2 potions of brilliance
 h - a potion of curing {unknown}
 j - a potion of ambrosia {unknown}
 m - a potion of cancellation
 n - 2 potions of resistance
 o - 2 potions of degeneration {unknown}
 t - a potion of restore abilities {unknown}
 z - 2 potions of haste {unknown}
Books
 v - a book of Clouds

   Spells                             Type                      Level
   a - Mephitic Cloud                 Conjuration/Poison/Air       3
   b - Conjure Flame                  Conjuration/Fire             3
   c - Poisonous Cloud                Conjuration/Poison/Air       6
   d - Freezing Cloud                 Conjuration/Ice/Air          6
   e - Ring of Flames                 Charms/Fire                  7


   Skills:
 - Level 2.6 Fighting
 + Level 4.9 Long Blades
 - Level 2.4 Armour
 - Level 2.6 Shields


You had 3 spell levels left.
You didn't know any spells.

Dungeon Overview and Level Annotations

Branches:
Dungeon (6/15)
 Temple: D:4-7

Altars:


Innate Abilities, Weirdness & Mutations

Your natural rate of healing is unusually fast.
You can bottle blood from corpses.
You have razor-sharp teeth.
You have supernaturally acute eyesight.
You can survive without breathing.


Message History

The giant frog skeleton completely misses you.
You hit the giant frog skeleton but do no damage.
The giant frog skeleton hits you but does no damage.
You barely miss the giant frog skeleton.
The giant frog skeleton hits you.
* * * LOW HITPOINT WARNING * * *
The giant frog skeleton hits you but does no damage.
You hit the giant frog skeleton.
The giant frog skeleton barely misses you.
The giant frog skeleton completely misses you.
You barely miss the giant frog skeleton.
The giant frog skeleton hits you but does no damage.
You hit the giant frog skeleton.
The giant frog skeleton hits you but does no damage. x2
You barely miss the giant frog skeleton.
You bite the giant frog skeleton. The giant frog skeleton hits you.
* * * LOW HITPOINT WARNING * * *
The giant frog skeleton barely misses you.
You slash the giant frog skeleton! The giant frog skeleton hits you.
You die...

#o# .
#......#
##(##..#
#.##..#
#..#..#
#..#..#
#..#..#
#..Z..#
#.#@.[#
#.....#
####..#
#.>#
#>.#
##.# #.#
#.# #.#


You could see a giant frog skeleton.

Vanquished Creatures
  A worker ant (D:5)
  3 adders
  A worm (D:2)
  A shadow imp (D:5)
  2 giant geckos
  3 orcs
  5 giant cockroaches
  2 goblins (D:2)
  7 hobgoblins
  3 jackals (D:3)
  4 kobolds
  2 quokkas (D:2)
  4 bats (D:2)
  2 giant newts (D:2)
  4 rats
44 creatures vanquished.

Notes
Turn   | Place    | Note
--------------------------------------------------------------
     0 | D:1      | timbw, the Vampire Fighter, began the quest for the Orb.
     0 | D:1      | Reached XP level 1. HP: 17/17 MP: 1/1
   195 | D:2      | Reached XP level 2. HP: 23/23 MP: 2/2
   234 | D:2      | Reached skill level 3 in Long Blades
   320 | D:2      | Reached XP level 3. HP: 18/28 MP: 3/3
   430 | D:2      | Reached skill level 4 in Long Blades
   641 | D:4      | Reached XP level 4. HP: 10/34 MP: 4/4
   709 | D:5      | Entered Level 5 of the Dungeon
   736 | D:5      | HP: 1/34 [shadow imp/nerve-wracking pain (11)]
   858 | D:4      | Slain by a giant frog skeleton

Action                   |  1- 3 |  4- 6 || total
-------------------------+-------+-------++-------
Melee: Long sword        |   135 |    46 ||   181
  Use: Scroll            |       |    10 ||    10
       Potion            |       |     1 ||     1
  Eat: Corpse            |    11 |     2 ||    13
